 Dungeon Crawl Stone Soup version 0.26.1-10-gdfb7c7de75 (webtiles) character file.

Game seed: 8522142580131763769

51 IHuginn the Sneak (level 3, -1/18 HPs)
             Began as a Spriggan Brigand on Apr 7, 2021.
             Killed from afar by Sigmund (4 damage)
             ... with a magic dart
             ... on level 2 of the Dungeon.
             The game lasted 00:02:09 (1999 turns).

IHuginn the Sneak (Spriggan Brigand)                Turns: 1999, Time: 00:02:09

Health: -1/18      AC:  3    Str:  7    XL:     3   Next: 58%
Magic:  4/4        EV: 18    Int: 12    God:
Gold:   62         SH:  0    Dex: 18    Spells: 2/2 levels left

rFire    . . .     SeeInvis +   a - +2 dagger
rCold    . . .     Faith    .   (shield restricted)
rNeg     . . .     Spirit   .   b - +0 robe
rPois    .         Reflect  .   (helmet restricted)
rElec    .         Harm     .   c - +0 cloak
rCorr    .         Rampage  .   (gloves unavailable)
Will     .....                  (boots unavailable)
Stlth    ++++......             (no amulet)
HPRegen  0.06/turn              (no ring)
MPRegen  0.09/turn              (no ring)

@: very quick
A: very small, unfitting armour, see invisible, speed 3
a: no special abilities


You were on level 2 of the Dungeon.
You visited 1 branch of the dungeon, and saw 2 of its levels.

You collected 62 gold pieces.

Inventory:

Hand Weapons
 a - a +2 dagger (weapon)
Missiles
 d - 8 poisoned darts (quivered)
 e - 2 curare-tipped darts
Armour
 b - a +0 robe (worn)
 c - a +0 cloak (worn)
Jewellery
 q - an uncursed ring of magical power {unknown}
Scrolls
 f - 4 scrolls of identify {unknown}
 g - 3 scrolls of teleportation {unknown}
 i - 2 scrolls of fog {unknown}
 k - a scroll of random uselessness {unknown}
 n - 2 scrolls of magic mapping {unknown}
 p - a scroll of remove curse {unknown}
Potions
 h - 2 potions of brilliance {unknown}
 j - a potion of haste {unknown}
 l - a potion of flight {unknown}
 m - a potion of lignification {unknown}
 o - a potion of degeneration {unknown}


   Skills:
 - Level 1.5 Fighting
 + Level 3.1 Short Blades
 - Level 2.0 Throwing
 + Level 3.1 Dodging
 + Level 6.7 Stealth


You had 2 spell levels left.
You didn't know any spells.
Your spell library was empty.

Dungeon Overview and Level Annotations

Branches:
Dungeon (2/15)

Altars:
Cheibriados
Fedhas
Kikubaaqudgha
Okawaru
Sif Muna
Trog
Xom

Annotations:
D:2 Sigmund


Innate Abilities, Weirdness & Mutations

You are very small and have problems with some larger weapons.
You are too small for most types of armour.
You have supernaturally acute eyesight. (SInv)
You cover ground extremely quickly.


Message History

You hit Sigmund but do no damage.
Sigmund is heavily wounded.
You hit Sigmund.
Sigmund is severely wounded.
Sigmund misses you.
You closely miss Sigmund.
Sigmund is severely wounded.
You hit Sigmund but do no damage.
Sigmund is severely wounded.
Sigmund points at you and mumbles some strange words.
The puff of flame misses you.
You closely miss Sigmund.
Sigmund is severely wounded.
Sigmund gestures at you while chanting. You resist with some effort.
You hit Sigmund but do no damage.
Sigmund is severely wounded.
Sigmund gestures at you while chanting. The magic dart hits you.
You die...

############# #...(........
#.########### #######.# #.####
#.......# #....#
#.#.....####.##.###
#.#..#..#..........
###############.#.(#.##.###..####
................@........>...#
....###.#######@...#(...#...###
.##.# #.# #####...........# ..(.#
#.#### #....##)###.# .(..# #....#
#....##.....# ....###....#
#....#......# ..........[#
#....'......# #'#####....#
#....#......# #..#.....###
#....#......#


You could see Sigmund (invisible).

Vanquished Creatures
  An adder (D:2)
  4 leopard geckos (D:1)
  A giant cockroach (D:1)
  6 goblins
  6 hobgoblins
  6 bats
  4 frilled lizards
  7 kobolds
  A rat (D:1)
36 creatures vanquished.

Notes
Turn   | Place    | Note
-------+----------+-------------------------------------------
     0 | D:1      | IHuginn the Spriggan Brigand began the quest for the Orb.
     0 | D:1      | Reached XP level 1. HP: 10/10 MP: 2/2
   117 | D:1      | Found a snail-covered altar of Cheibriados.
   136 | D:1      | Reached skill level 6 in Stealth
   340 | D:1      | Reached XP level 2. HP: 13/14 MP: 3/3
   915 | D:1      | Reached XP level 3. HP: 13/18 MP: 4/4
  1588 | D:2      | Found an iron altar of Okawaru.
  1793 | D:2      | Noticed Sigmund
  1838 | D:2      | Found an ancient bone altar of Kikubaaqudgha.
  1840 | D:2      | Found a shimmering altar of Xom.
  1841 | D:2      | Found a blossoming altar of Fedhas.
  1841 | D:2      | Found a shimmering blue altar of Sif Muna.
  1841 | D:2      | Found a bloodstained altar of Trog.
  1999 | D:2      | Killed from afar by Sigmund

Illustrated notes

Levels and vault maps discovered:
D:1:      elethiomel_arrival_quiet, layout_basic, cheibriados_altar_1
D:2:      layout_basic, minitemple, grunt_temple_overflow_open,
          okawaru_metal_pillars_1_2, uniq_sigmund

Skill      XL: |  1  2  3 |
---------------+----------+-----
Dodging        | 2 3 |  3.1
Stealth        | 6 |  6.7
Short Blades   | 3 |  3.1
Fighting       | |  1.5
Throwing       | |  2.0

Action                   || total
-------------------------++-------
Melee: Dagger            ||   158
 Stab: Sleeping          ||     7
Armor: Robe              ||     9
Dodge: Dodged            ||   105
